 Dungeon Crawl Stone Soup version 0.26.1-2-gb8aa6d0cf2 (webtiles) character file.

Game seed: 16261127669388167175

569 H0rd4k the Charlatan (level 7, -5/76 HPs)
             Began as a Human Artificer on Feb 25, 2021.
             Slain by a water moccasin (8 damage)
             ... in a sewer.
             The game lasted 00:08:16 (5432 turns).

H0rd4k the Charlatan (Human Artificer)              Turns: 5432, Time: 00:08:16

Health: -5/76      AC:  7    Str: 15    XL:     7   Next: 60%
Magic:  7/7        EV: 11    Int: 11    God:
Gold:   181        SH:  0    Dex: 13    Spells: 6/6 levels left

rFire    . . .     SeeInvis +   t - +0 great sword
rCold    + . .     Faith    .   (shield currently unavailable)
rNeg     . . .     Spirit   .   r - +2 ring mail {rC+}
rPois    .         Reflect  .   (no helmet)
rElec    .         Harm     .   (no cloak)
rCorr    .         Rampage  .   (no gloves)
Will     .....                  (no boots)
Stlth    ..........             (no amulet)
HPRegen  0.22/turn              o - ring of see invisible
MPRegen  0.10/turn              (no ring)

@: berserking (expiring), lethally poisoned (-5 -> -26), very quick
A: no striking features
a: no special abilities


You were in a sewer.
You visited 1 branch of the dungeon, and saw 4 of its levels.
You also visited: Sewer.

You collected 181 gold pieces.

Inventory:

Hand Weapons
 q - a +0 falchion
 t - a +0 great sword (weapon)
Missiles
 a - 29 poisoned darts (quivered)
Armour
 b - a +0 leather armour
 r - a +2 ring mail of cold resistance (worn)
Jewellery
 l - an uncursed amulet of the acrobat {unknown}
 o - a ring of see invisible (left hand)
Wands
 d - a wand of enslavement (5)
Scrolls
 f - 4 scrolls of remove curse
 k - a scroll of enchant weapon {unknown}
 m - a scroll of enchant armour {unknown}
 n - 3 scrolls of teleportation
 p - a scroll of identify
Potions
 g - 2 potions of degeneration
 h - 2 potions of berserk rage
 i - a potion of heal wounds
 j - 3 potions of curing
 u - 2 potions of lignification


   Skills:
 + Level 2.6 Fighting
 + Level 3.1(3.5) Short Blades
 + Level 2.3(3.2) Long Blades
 + Level 1.4 Throwing
 + Level 3.5 Armour
 + Level 2.0 Dodging
 + Level 2.5 Stealth
 + Level 4.3 Evocations


You had 6 spell levels left.
You didn't know any spells.
Your spell library contained the following spells:

 Spells                   Type           Power        Failure   Level
 Animate Skeleton         Necr           0%           56%         1
 Apportation              Tloc           0%           56%         1
 Corona                   Hex            0%           56%         1
 Summon Small Mammal      Summ           0%           56%         1


Dungeon Overview and Level Annotations

Branches:
Dungeon (4/15)              Sewer (1/1)
 Temple: D:4-7

Altars:
Nemelex Xobeh
Trog

Annotations:
D:4 Ijyb


Message History

* * * LOW HITPOINT WARNING * * *
You are more poisoned.
The water moccasin poisons you!
You closely miss the water moccasin.
The water moccasin is almost dead.
* * * LOW HITPOINT WARNING * * *
You feel very sick. The water moccasin closely misses you.
The water moccasin bites you.
* * * LOW HITPOINT WARNING * * *
You closely miss the water moccasin.
The water moccasin is almost dead.
* * * LOW HITPOINT WARNING * * *
You feel sick. The water moccasin barely misses you.
Unknown command.
You barely miss the water moccasin.
The water moccasin is almost dead.
* * * LOW HITPOINT WARNING * * *
You feel very sick. The water moccasin bites you!
You die...

#.# #∩# #.# #.#
#.# ####### #.#
##.....## #.#
#...≈...## #.#
...≈≈≈...#######@#
∩.≈≈≈≈≈.........S#
...≈≈≈...#######.#
#...≈...## #.#
##.....## #.#
####### ###.###
#.....# #.......#
#..S....#


You could see a water moccasin.

Vanquished Creatures
  Sigmund (D:2)
  A bullfrog (D:3)
  An iguana (D:4)
  A worker ant (D:3)
  11 adders
  4 gnolls (D:2)
  A river rat (D:4)
  An ooze (D:2)
  5 worms
  3 dart slugs
  2 leopard geckos (D:1)
  An orc (D:3)
  A ball python (D:3)
  3 giant cockroaches
  7 goblins
  8 hobgoblins
  2 quokkas (D:2)
  13 bats
  A frilled lizard (D:1)
  7 kobolds
  5 rats
79 creatures vanquished.

Vanquished Creatures (collateral kills)
  A howler monkey (D:4)
  A gnoll (D:2)
  A kobold (D:3)
3 creatures vanquished.

Vanquished Creatures (others)
  Terence (D:3)
  A gnoll (D:2)
  A rat (D:1)
3 creatures vanquished.

Grand Total: 85 creatures vanquished

Notes
Turn   | Place    | Note
-------+----------+-------------------------------------------
     0 | D:1      | H0rd4k the Human Artificer began the quest for the Orb.
     0 | D:1      | Reached XP level 1. HP: 15/15 MP: 1/1
   234 | D:1      | Reached XP level 2. HP: 21/21 MP: 2/2
   316 | D:1      | HP: 1/21 [kobold/+0 dagger (1)]
   830 | D:2      | Reached XP level 3. HP: 26/26 MP: 3/3
  1804 | D:2      | HP: 1/26 [gnoll/+1 flail of protection (8)]
  2158 | D:2      | Reached skill level 1 in Short Blades
  2158 | D:2      | Reached XP level 4. HP: 14/32 MP: 4/4
  2175 | D:2      | HP: 1/32 [hobgoblin/+0 club (3)]
  2875 | D:2      | Noticed Sigmund
  2881 | D:2      | Killed Sigmund
  2882 | D:2      | Reached skill level 4 in Evocations
  2882 | D:2      | Reached XP level 5. HP: 38/38 MP: 5/5
  2882 | D:2      | Reached XP level 6. HP: 44/44 MP: 6/6
  2963 | D:2      | Found a sparkling altar of Nemelex Xobeh.
  3579 | D:3      | Noticed Terence
  3605 | D:3      | Your ally died
  3893 | D:3      | Reached skill level 1 in Throwing
  3893 | D:3      | Reached XP level 7. HP: 43/51 MP: 7/7
  4249 | D:3      | Reached skill level 1 in Long Blades
  4491 | D:3      | Found a bloodstained altar of Trog.
  5289 | D:4      | Noticed Ijyb
  5347 | D:4      | Found a glowing drain.
  5354 | Sewer    | Entered a sewer
  5383 | Sewer    | Noticed a water moccasin
  5432 | Sewer    | HP: 3/76 [poisoned by a water moccasin]
  5432 | Sewer    | Slain by a water moccasin

Illustrated notes

Levels and vault maps discovered:
D:1:      minmay_arrival_hallway, layout_rooms
D:2:      layout_loops_cross, nemelex_xobeh_ov_fountains_minmay, uniq_sigmund
D:3:      layout_basic, lightli_temple_of_fire, uniq_terence
D:4:      kennysheep_six_static_rooms, layout_basic, zin_purify,
          lightli_sewer_entry_pipes, uniq_ijyb
Sewer:    sewer_big_baddie

Skill      XL: |  1  2  3  4  5  6  7 |
---------------+----------------------+-----
Short Blades   | 1 2 3 |  3.1
Fighting       | 2 |  2.6
Armour         | 3 |  3.5
Evocations     | 4 |  4.3
Stealth        | 2 |  2.5
Throwing       | 1 |  1.4
Long Blades    | 2 |  2.3
Dodging        | 2 |  2.0

Action                   |  1- 3 |  4- 6 |  7- 9 || total
-------------------------+-------+-------+-------++-------
Melee: Club              |    17 |       |       ||    17
       Short sword       |    71 |    94 |       ||   165
       Falchion          |       |    26 |       ||    26
       Great sword       |       |       |   103 ||   103
Throw: Dart              |    10 |    12 |       ||    22
Evoke: Wand              |    15 |    19 |     6 ||    40
  Use: Potion            |       |     1 |     1 ||     2
       Scroll            |       |       |     6 ||     6
 Stab: Paralysed         |       |     5 |       ||     5
       Sleeping          |       |     3 |       ||     3
       Distracted        |       |       |     1 ||     1
Armor: Leather armour    |    22 |    41 |       ||    63
       Ring mail         |       |    12 |    66 ||    78
Dodge: Dodged            |    64 |    65 |    92 ||   221
       Rpst.: Falchion   |       |     7 |       ||     7
       Great sword       |       |       |    29 ||    29
